 Dungeon Crawl Stone Soup version 0.27.0-1-g7a089689b8 (webtiles) character file.

Game seed: 2821847764033462908

63 ZombieSheep the Skirmisher (level 4, 0/37 HPs)
             Began as a Formicid Abyssal Knight on Aug 3, 2021.
             Was a Believer of Lugonu.
             Frozen to death by an endoplasm (4 damage)
             ... on level 3 of the Dungeon.
             The game lasted 00:04:02 (1830 turns).

ZombieSheep the Skirmisher (FoAK)                   Turns: 1830, Time: 00:04:03

Health: 0/37       AC:  3    Str: 18    XL:     4   Next: 30%
Magic:  6/6        EV: 11    Int: 11    God:    Lugonu [**....]
Gold:   55         SH:  0    Dex: 10    Spells: 3/3 levels left

rFire    . . .     SeeInvis +   a - +1 spear
rCold    . . .     Faith    .   (no shield)
rNeg     . . .     Spirit   .   b - +0 leather armour
rPois    .         Reflect  .   (helmet unavailable)
rElec    .         Harm     .   (no cloak)
rCorr    .         Rampage  .   (no gloves)
Will     .....                  (no boots)
Stlth    +.........             (no amulet)
HPRegen  0.12/turn              (no ring)
MPRegen  0.10/turn              (no ring)

@: no status effects
A: permanent stasis, dig shafts and tunnels, antennae 3, four strong arms
a: Dig, Shaft Self, Renounce Religion, Depart the Abyss, Bend Space


You were on level 3 of the Dungeon.
You worshipped Lugonu.
Lugonu was pleased with you.
You visited 1 branch of the dungeon, and saw 4 of its levels.
You visited the Abyss 1 time.

You collected 55 gold pieces.

Inventory:

Hand Weapons
 a - a +1 spear (weapon)
Armour
 b - a +0 leather armour (worn)
Scrolls
 c - 3 scrolls of identify
Potions
 d - a potion of haste
 e - a potion of brilliance {unknown}


   Skills:
 + Level 3.8 Fighting
 + Level 2.5 Polearms
 + Level 2.8 Armour
 + Level 1.6 Dodging
 + Level 3.0 Invocations


You had 3 spell levels left.
You didn't know any spells.
Your spell library was empty.

Dungeon Overview and Level Annotations

Branches:
Dungeon (4/15)
 Temple: D:4-7

Altars:

Shops:
D:1 (


Innate Abilities, Weirdness & Mutations

You cannot be hasted, slowed, berserked, paralysed or teleported.
You can dig through walls and to a lower floor.
You have a pair of large antennae on your head. (SInv)
Your four strong arms can wield two-handed weapons with a shield.


Message History

You barely miss the hound. The hound bites you.
The endoplasm closely misses you.
You closely miss the hound. The hound barely misses you.
The endoplasm hits you but does no damage.
The hound barely misses you.
Unknown command.
You hit the hound but do no damage. The hound bites you.
The endoplasm freezes you.
You are frozen.
You are too injured to fight recklessly!
You miss the hound. The hound closely misses you.
The endoplasm barely misses you. The hound closely misses you.
You hit the hound.
The hound is lightly wounded.
The hound bites you.
The endoplasm jiggles.
The endoplasm freezes you.
You are frozen.
* * * LOW HITPOINT WARNING * * *
You closely miss the hound.
The hound is lightly wounded.
The hound barely misses you. The endoplasm freezes you.
You are frozen.
* * * LOW HITPOINT WARNING * * *
The hound bites you.
* * * LOW HITPOINT WARNING * * *
You hit the hound.
The hound is moderately wounded.
The hound barely misses you. The endoplasm freezes you.
You are frozen.
* * * LOW HITPOINT WARNING * * *
You closely miss the hound.
The hound is moderately wounded.
The hound bites you.
* * * LOW HITPOINT WARNING * * *
The endoplasm freezes you.
You are frozen.
You die...

{ {
##
##.+#
#h..#
#@J#
####
{


You could see a hound and an endoplasm.

Vanquished Creatures
  2 adders (D:2)
  2 dart slugs
  2 ball pythons (D:1)
  2 bats
  3 endoplasms
  3 hobgoblins
  10 jackals (D:1)
  A kobold (D:1)
  A frilled lizard (D:2)
  5 goblins
  6 rats
37 creatures vanquished.

Notes
Turn   | Place    | Note
-------+----------+-------------------------------------------
     0 | Abyss:1  | ZombieSheep the Formicid Abyssal Knight began the quest for
                  | the Orb.
     0 | Abyss:1  | Reached XP level 1. HP: 18/18 MP: 2/2
    33 | Abyss:1  | Found a shimmering altar of Xom.
    49 | D:1      | Escaped the Abyss
    90 | D:1      | Found a faded altar of an unknown god.
    91 | D:1      | Noticed a floating eye
    92 | D:1      | Noticed a floating eye
    98 | D:1      | Noticed a great orb of eyes
   112 | D:1      | Noticed an eye of devastation
   135 | D:1      | Reached skill level 1 in Dodging
   160 | D:1      | Reached XP level 2. HP: 6/24 MP: 3/3
   595 | D:1      | Reached XP level 3. HP: 20/29 MP: 4/4
   779 | D:1      | Found Gadaz's Antique Weapon Emporium.
   853 | D:1      | Reached ** piety under Lugonu
  1387 | D:2      | Reached XP level 4. HP: 32/37 MP: 6/6
  1815 | D:2      | You fall into a shaft and drop 2 floors!
  1830 | D:3      | Frozen to death by an endoplasm

Illustrated notes

Levels and vault maps discovered:
D:1:      lemuel_arrival_rhombus, layout_basic,
          hellmonk_ecumenical_altar_watching_god, serial_shops,
          nicolae_diamond_shop
D:2:      layout_loops_ring
D:3:      layout_loops_ring, grunt_ministairs_6
D:4:      layout_cave_pools, mainiacjoe_overflow_cross_hatched,
          lemuel_tele_altar, minmay_temple_entry_arrows,
          cheibrodos_sewer_entry_sluice, serial_bayou_pond_d,
          minmay_shop_grid_forest, uniq_eustachio, uniq_edmund,
          uniq_blork_the_orc

Skill      XL: |  1  2  3  4 |
---------------+-------------+-----
Dodging        | 1 |  1.6
Invocations    | 3 |  3.0
Fighting       | |  3.8
Polearms       | |  2.5
Armour         | |  2.8

Action                   |  1- 3 |  4- 6 || total
-------------------------+-------+-------++-------
Melee: Spear             |   118 |    28 ||   146
  Use: Scroll            |     1 |       ||     1
Armor: Leather armour    |    23 |     6 ||    29
Dodge: Dodged            |    79 |    18 ||    97
